Map: Disco Bloodbath LE

Players

Probe - Winner!

  • Race: Protoss Protoss
  • Spawn Location: 3:00

MCanning

  • Race: Protoss Protoss
  • Spawn Location: 9:00

VOD

Have the link to the VOD?

Description

Time

  • Played on: Sept. 6, 2019, 7:31 p.m.
  • Length: 15:41
Show
View Real Time Build Order
Export as new Build Order

Probe Protoss - Winner!

Build Orders: Phoenix Opening, Blink Stalkers, Zealot Archon 

Get SALT Encoding   

  12  0:00  Probe  
  13  0:12  Probe  
  14  0:19  Pylon  
  14  0:24  Probe  
  15  0:33  Probe  
  15  0:38  Gateway  
  15  0:41  Probe  
  16  0:46  Assimilator  
  17  0:52  Probe  
  17  0:54  Assimilator  
  18  1:00  Probe  
  18  1:09  Probe  
  19  1:11  Gateway  
  20  1:19  Probe  
  21  1:26  Cybernetics Core  
  21  1:31  Probe  
  22  1:33  Pylon  
  22  1:43  Probe  
  23  1:55  Probe  
  24  2:02  Stalker  
  24  2:03  Warp Gate, Sentry  
  24  2:07  Probe  
  29  2:14  Pylon  
  29  2:19  Probe  
  29  2:20  Pylon  
  30  2:32  Stalker x2  
  30  2:36  Phoenix  
  34  2:44  Probe  
  35  2:53  Nexus  
  35  2:56  Probe  
  37  3:05  Sentry  
  37  3:07  Pylon, Sentry  
  39  3:15  Shield Battery  
  39  3:23  Twilight Council  
  39  3:25  Probe  
  40  3:37  Probe  
  40  3:41  Shield Battery  
  41  3:47  Shield Battery, Phoenix  
  41  3:50  Blink  
  41  4:02  Probe  
  41  4:04  Forge, Probe  
  43  4:10  Probe  
  43  4:13  Probe  
  45  4:20  Probe  
  45  4:21  Probe, Stalker  
  48  4:28  Probe  
  48  4:31  Probe  
  49  4:32  Protoss Ground Weapons Level 1  
  49  4:36  Probe  
  49  4:37  Stalker  
  53  4:41  Void Ray  
  53  4:43  Probe, Assimilator  
  55  4:46  Probe, Assimilator  
  56  4:55  Probe  
  56  4:58  Probe  
  57  5:00  Stalker x2  
  61  5:07  Probe  
  61  5:08  Phoenix  
  61  5:09  Pylon  
  62  5:15  Pylon  
  62  5:20  Pylon  
  62  5:23  Robotics Facility  
  62  5:24  Pylon, Phoenix  
  62  5:25  Probe  
  62  5:26  Probe  
  61  5:33  Probe  
  60  5:39  Probe  
  60  5:41  Probe  
  63  5:52  Probe  
  63  5:53  Nexus  
  63  5:56  Probe  
  65  6:05  Protoss Ground Weapons Level 2  
  65  6:10  Gateway  
  65  6:14  Charge  
  65  6:17  Gateway x2  
  65  6:18  Gateway  
  65  6:26  Gateway  
  65  6:30  Gateway  
  65  6:31  Templar Archives  
  65  6:33  Probe  
  65  6:37  Zealot  
  68  6:45  Probe  
  69  6:49  Zealot  
  69  6:52  Warp Prism  
  73  7:11  High Templar  
  73  7:12  High Templar x4  
  83  7:18  Archon, High Templar  
  83  7:19  Archon  
  83  7:20  Pylon, Probe x2  
  87  7:25  Archon  
  87  7:29  Observer  
  88  7:30  Zealot x2  
  92  7:37  Pylon  
  92  7:38  Probe x2  
  92  7:39  Probe  
  95  7:45  Zealot x2  
  95  7:46  Zealot x3  
  95  7:49  Pylon  
  105  7:53  Probe x2  
  105  7:56  High Templar x2  
  111  8:00  Archon  
  111  8:03  Pylon  
  111  8:04  Pylon  
  111  8:06  Pylon, Probe x2  
  111  8:07  Probe  
  114  8:18  Probe x2  
  116  8:24  Probe  
  116  8:25  High Templar x2  
  116  8:26  Assimilator  
  121  8:28  Assimilator  
  121  8:32  Archon  
  121  8:33  Zealot x5  
  131  8:36  Pylon x2  
  131  8:53  Zealot x6  
  143  9:05  Immortal, Protoss Ground Weapons Level 3  
  135  9:11  High Templar x2  
  135  9:17  High Templar x2, Archon  
  141  9:18  Zealot x4  
  141  9:22  Archon  
  151  9:26  Probe x2  
  153  9:34  Photon Cannon  
  153  9:36  Photon Cannon x2  
  153  9:45  High Templar  
  153  9:46  High Templar  
  157  10:05  Archon  
  157  10:06  Zealot x6  
  169  10:20  Nexus  
  169  10:27  Zealot x4  
  173  10:30  Warp Prism  
  163  10:39  Robotics Bay  
  163  10:40  Robotics Facility  
  149  10:45  Zealot  
  149  10:46  Zealot  
  147  10:50  High Templar x2  
  147  10:51  High Templar x2  
  147  10:54  Pylon, Probe  
  147  10:56  Archon  
  156  10:59  Warp Prism  
  156  11:02  Archon  
  156  11:06  Pylon  
  158  11:11  Zealot, High Templar x2  
  158  11:12  Zealot  
  158  11:15  Pylon x2  
  158  11:16  Pylon  
  158  11:17  Photon Cannon  
  166  11:19  Archon  
  166  11:29  Disruptor x2  
  166  11:39  Zealot x6  
  156  11:56  Zealot x2  
  156  12:00  Zealot x2  
  164  12:03  Dark Shrine  
  164  12:05  Photon Cannon  
  164  12:08  Disruptor x2  
  170  12:16  Zealot  
  170  12:17  Zealot x5  
  182  12:34  Disruptor x2  
  178  12:38  Zealot x3  
  178  12:39  Zealot x4  
  190  12:55  Assimilator  
  176  12:59  High Templar x3, Assimilator  
  176  13:00  High Templar  
  176  13:03  Protoss Shields Level 1, Archon  
  176  13:04  Archon  
  184  13:07  Zealot x4  
  184  13:09  Disruptor  
  182  13:35  Disruptor  
  182  13:39  Dark Templar x2  
  182  13:40  Zealot x4, Dark Templar  
  199  13:45  Disruptor  
  192  13:57  Dark Templar  
  192  14:12  Disruptor  
  189  14:19  Dark Templar x3  
  189  14:20  Zealot, Dark Templar  
  189  14:21  Zealot  
  191  14:30  Zealot x2  
  189  14:42  Zealot x2  
  180  14:53  Observer  
  180  14:55  Dark Templar x4  
  179  15:01  Disruptor  
  176  15:23  Zealot x4  
Show
View Real Time Build Order
Export as new Build Order

MCanning Protoss 

Build Orders: Phoenix Opening, Zealot Archon 

Get SALT Encoding   

  12  0:00  Probe  
  13  0:12  Probe  
  14  0:17  Pylon  
  14  0:24  Probe  
  15  0:32  Probe  
  15  0:37  Gateway  
  15  0:40  Probe  
  16  0:46  Assimilator  
  17  0:51  Probe  
  17  0:54  Assimilator  
  18  0:59  Probe  
  19  1:07  Probe  
  19  1:12  Gateway  
  19  1:17  Probe  
  20  1:25  Cybernetics Core  
  21  1:29  Probe  
  22  1:34  Pylon  
  22  1:41  Probe  
  23  1:53  Probe  
  24  2:02  Stalker  
  24  2:03  Warp Gate, Sentry  
  24  2:05  Probe  
  29  2:10  Pylon  
  29  2:20  Pylon  
  29  2:29  Adept  
  31  2:35  Stargate  
  31  2:36  Adept  
  34  2:56  Nexus  
  33  3:03  Pylon  
  33  3:06  Probe  
  33  3:11  Phoenix  
  34  3:19  Probe  
  37  3:31  Probe  
  38  3:34  Phoenix  
  40  3:43  Probe  
  41  3:55  Probe  
  40  3:57  Sentry  
  40  4:00  Robotics Facility  
  40  4:05  Phoenix  
  40  4:06  Probe  
  40  4:07  Probe  
  44  4:15  Probe  
  44  4:18  Forge  
  44  4:19  Probe  
  46  4:25  Shield Battery  
  46  4:26  Probe  
  47  4:31  Probe  
  47  4:35  Pylon  
  47  4:36  Probe  
  49  4:40  Assimilator  
  49  4:43  Probe  
  49  4:45  Probe  
  50  4:46  Protoss Ground Weapons Level 1  
  50  4:47  Observer, Assimilator  
  52  4:53  Probe  
  52  4:55  Probe  
  54  5:04  Probe  
  55  5:07  Probe  
  55  5:08  Twilight Council  
  55  5:10  Gateway  
  55  5:12  Immortal  
  56  5:15  Gateway  
  56  5:16  Probe  
  61  5:31  Probe  
  61  5:33  Pylon  
  62  5:37  Pylon  
  62  5:43  Gateway  
  62  5:45  Gateway, Charge  
  66  6:02  Templar Archives  
  66  6:07  Probe  
  66  6:10  Probe  
  64  6:20  Nexus  
  64  6:21  Pylon  
  64  6:22  Immortal  
  64  6:24  Protoss Ground Weapons Level 2  
  68  6:30  Gateway  
  68  6:31  Gateway  
  68  6:33  Zealot  
  68  6:34  Probe  
  71  6:40  Pylon, Probe  
  71  6:41  High Templar x2  
  76  6:48  High Templar x2, Archon  
  76  6:53  Probe  
  76  6:54  Shield Battery, Probe  
  82  6:56  Archon  
  82  6:59  Zealot x2  
  86  7:06  Probe x2  
  88  7:18  Probe x2  
  88  7:19  Zealot x3  
  88  7:21  Zealot  
  98  7:28  High Templar x2  
  102  7:33  Pylon  
  102  7:34  Archon  
  102  7:35  Pylon  
  102  7:40  Warp Prism  
  102  7:41  Pylon  
  104  7:50  Probe  
  105  7:53  Zealot  
  105  7:55  Probe  
  108  7:59  Pylon  
  108  8:00  Pylon, Probe  
  108  8:03  Probe, Assimilator  
  110  8:06  Assimilator  
  110  8:08  High Templar x2  
  110  8:09  Probe  
  115  8:16  Archon, Probe  
  115  8:17  Immortal  
  115  8:18  Photon Cannon  
  116  8:21  Photon Cannon  
  112  8:29  Probe  
  115  8:34  Zealot, High Templar x2  
  115  8:35  Zealot x2  
  115  8:39  Archon  
  125  8:48  Probe  
  124  8:50  Pylon  
  124  8:51  Pylon, High Templar x2  
  124  8:52  Protoss Ground Weapons Level 3  
  127  8:58  Zealot x4  
  134  9:08  Probe  
  134  9:09  Probe  
  129  9:10  Probe  
  130  9:20  Probe  
  130  9:23  Zealot x2  
  130  9:24  High Templar, Zealot  
  137  9:29  Archon  
  139  9:33  Nexus  
  139  9:36  Photon Cannon  
  139  9:43  High Templar x2  
  141  9:52  Zealot x2, High Templar  
  142  9:53  Zealot x2  
  142  9:56  Archon  
  145  10:00  Archon  
  145  10:08  Zealot  
  145  10:12  Photon Cannon  
  145  10:14  Probe  
  148  10:15  Photon Cannon  
  148  10:16  Shield Battery  
  148  10:18  High Templar x2  
  152  10:22  Archon  
  152  10:24  Nexus  
  152  10:25  Pylon, Zealot x3  
  152  10:26  Zealot x2  
  157  10:32  Zealot  
  142  10:44  Probe  
  142  10:49  Probe  
  138  10:50  Probe  
  138  10:51  Nexus  
  138  10:56  Probe  
  139  10:57  High Templar x3  
  139  10:58  High Templar  
  139  10:59  Zealot x2  
  139  11:03  Archon x2  
  149  11:07  Robotics Bay  
  149  11:15  Probe  
  148  11:20  Probe  
  147  11:30  Zealot, High Templar x2  
  147  11:31  Zealot x5  
  162  11:37  Archon  
  154  11:41  Disruptor  
  152  11:47  Probe  
  156  11:55  Photon Cannon  
  156  11:56  High Templar x2  
  156  11:57  Pylon, Nexus  
  156  12:00  Archon  
  156  12:01  Zealot x3  
  162  12:05  Disruptor  
  162  12:06  Protoss Shields Level 1  
  166  12:18  Blink  
  166  12:19  Robotics Facility  
  166  12:22  Zealot x3  
  173  12:29  Probe  
  168  12:32  Zealot x2  
  170  12:38  Disruptor  
  167  12:50  Probe  
  160  13:00  Probe  
  160  13:03  Disruptor  
  160  13:04  Disruptor  
  160  13:05  Photon Cannon, Shield Battery  
  161  13:06  Stalker x2  
  161  13:09  Probe  
  166  13:14  Dark Shrine  
  172  13:22  Zealot x5  
  171  13:33  Pylon  
  160  13:37  Zealot x2  
  160  13:38  Zealot  
  159  13:45  Probe  
  159  13:47  Photon Cannon  
  155  13:48  Observer  
  155  13:49  Observer  
  156  13:59  Zealot x4  
  148  14:13  Disruptor  
  148  14:15  Zealot x3, Stalker  
  151  14:19  Probe  
  136  14:35  Zealot  
  136  14:36  Zealot x3  
  138  14:41  Probe  
  136  14:45  Disruptor  
  119  14:59  Probe  
  110  15:07  Stalker x2  
  110  15:08  Stalker x2  
  117  15:18  Probe  
  117  15:19  Probe x2  
  115  15:29  Probe  
Tags
 
Add a new tag
Caveats
  • Supply blocks, unpowered buildings, or Contaminate may cause inaccurate times.
  • Supply counts are checked every 10 seconds.